 Dungeon Crawl Stone Soup version 0.31-a0-252-gc4385922b5 (webtiles) character file.

Game seed: 8217011254764962468

375 qw the Shooter (level 6, -10/55 HPs)
             Began as a Minotaur Hexslinger on July 12, 2023.
             Mangled by a gnoll sergeant
             ... wielding a +0 trident
              (15 damage)
             ... on level 4 of the Dungeon.
             The game lasted 00:00:57 (2788 turns).

qw the Shooter (Minotaur Hexslinger)                Turns: 2788, Time: 00:00:57

Health: -10/55     AC:  5    Str: 13    XL:     6   Next: 44%
Magic:  6/6        EV: 11    Int: 10    God:
Gold:   126        SH:  5    Dex: 14    Spells: 6/7 levels left

rFire   . . .        Y - +5 sling
rCold   . . .        (no shield)
rNeg    . . .        g - +0 ring mail
rPois   .            (helmet restricted)
rElec   .            (no cloak)
rCorr   .            (no gloves)
SInv    .            (no boots)
Will    .....        j - amulet of reflection
Stlth   +            (no ring)
HPRegen 0.29/turn    (no ring)
MPRegen 0.10/turn

%: reflection
@: about to teleport
A: horns 2, retaliatory headbutt
a: no special abilities


You were on level 4 of the Dungeon.
You visited 1 branch of the dungeon, and saw 5 of its levels.

You collected 126 gold pieces.


Innate Abilities, Weirdness & Mutations

You have a pair of horns on your head.
You reflexively headbutt those who attack you in melee.


   Skills:
 - Level 4.8 Fighting
 + Level 6.0 Ranged Weapons
 - Level 1.3 Armour
 - Level 2.1 Dodging
 - Level 1.0 Spellcasting
 - Level 2.0 Hexes


You had 6 spell levels left.
You knew the following spells:

 Your Spells              Type           Power      Damage    Failure   Level
a - Slow                  Hex            16%        N/A       32%         1

Your spell library contained the following spells:

 Spells                   Type           Power      Damage    Failure   Level
 Inner Flame              Hex/Fire       2%         N/A       82%         3
 Portal Projectile        Hex/Tloc       4%         N/A       82%         3
 Cause Fear               Hex            2%         N/A       97%         4

Inventory:

Hand Weapons
 Y - a +5 sling (weapon)
Armour
 g - a +0 ring mail (worn)
Jewellery
 d - a ring of fire
 j - an amulet of reflection (around neck)
Scrolls
 a - a scroll of identify
 f - 2 scrolls of teleportation
 k - 3 scrolls of amnesia {unknown}
Potions
 b - a potion of resistance
 c - a potion of lignification {unknown}
 e - a potion of brilliance {unknown}
 h - a potion of enlightenment {unknown}
 i - a potion of attraction {unknown}

Dungeon Overview and Level Annotations

Branches:
Dungeon (5/15)
 Temple: D:4-7

Altars:

Shops:
D:1 (


Message History

The gnoll barely misses you. You furiously retaliate!
You headbutt the gnoll!
You kill the gnoll!
You shoot a sling bullet. The sling bullet hits the gnoll!
The gnoll is severely wounded.
The gnoll sergeant barely misses you. The gnoll hits you but does no damage.
You shoot a sling bullet. The sling bullet hits the gnoll.
The gnoll is severely wounded.
The gnoll sergeant hits you from afar with a +0 trident.
The gnoll hits you with a +0 whip.
You shoot a sling bullet. The sling bullet hits the gnoll.
You kill the gnoll!
The gnoll sergeant hits you from afar with a +0 trident. x2
You block the gnoll's attack.
Your Ranged Weapons skill increases to level 6!
You shoot a sling bullet. The sling bullet hits the gnoll.
The gnoll is lightly wounded.
The gnoll hits you but does no damage. The gnoll sergeant barely misses you.
You shoot a sling bullet.
The sling bullet completely misses the gnoll.
The gnoll misses you. The gnoll sergeant closely misses you.
You shoot a sling bullet. The sling bullet hits the gnoll.
The gnoll is moderately wounded.
The gnoll closely misses you.
The gnoll sergeant hits you but does no damage.
You shoot a sling bullet. The sling bullet hits the gnoll.
The gnoll is heavily wounded.
The gnoll hits you with a +2 flail of protection!
The gnoll sergeant hits you from afar with a +0 trident!
The gnoll sergeant hits you from afar with a +0 trident.
The gnoll barely misses you.
2787 ||| READING 3 scrolls of teleportation.
As you read the scroll of teleportation, it crumbles to dust.
You feel strangely unstable. The gnoll misses you.
The gnoll sergeant hits you from afar with a +0 trident!
You shoot a sling bullet. The sling bullet hits the gnoll.
The gnoll is severely wounded.
The gnoll closely misses you.
The gnoll sergeant hits you from afar with a +0 trident!
You die...

#.# #<......# #### #.# #.......#
#..# #.#### ##.......###..####
#)...######....................
#.....................###..####
#....#########........# #..# #
#)#.## #.g......# #..# #
#.#.##########g#####.####..####
#.#.....[...##@#####.^.........
###.#########.##........###..#...
....# #.##.######.......... #####
#.##.# #####..#... #.##.# #..####
#.##.# #...... #.##.## ####..####
#.##..######.........
##########.##.......<.....####


You could see a gnoll sergeant and a gnoll.

Vanquished Creatures
  Eustachio (D:4)
  A phantom (D:4)
  An iguana (D:4)
  Natasha (D:2)
  3 gnolls (D:4)
  2 adders
  A worm (D:2)
  2 orcs
  3 endoplasms
  2 giant cockroaches
  10 goblins
  3 hobgoblins
  6 quokkas
  6 ball pythons
  4 bats
  2 frilled lizards
  5 kobolds
  3 rats
56 creatures vanquished.

Notes
Turn   | Place    | Note
-------+----------+-------------------------------------------
     0 | D:1      | qw the Minotaur Hexslinger began the quest for the Orb.
     0 | D:1      | Reached XP level 1. HP: 16/16 MP: 1/1
     0 | D:1      | 0 ||| qw: Version: 0.3-a-52-g30416fa
     0 | D:1      | 0 ||| qw: Game counter: 6601
     0 | D:1      | 0 ||| qw: Melee chars always use a shield: true
     0 | D:1      | 0 ||| qw: God list: Okawaru
     0 | D:1      | 0 ||| qw: Allow faded altars: false
     0 | D:1      | 0 ||| qw: Do Orc after clearing Dungeon:15 true
     0 | D:1      | 0 ||| qw: Do second Lair branch before Depths: true
     0 | D:1      | 0 ||| qw: Lair rune preference: random
     0 | D:1      | 0 ||| qw: Goals: Normal
     0 | D:1      | 0 ||| PLANNING D:1-11
    53 | D:1      | Found Baucs's Weapon Boutique.
   124 | D:1      | Reached skill level 3 in Ranged Weapons
   238 | D:1      | Reached XP level 2. HP: 16/23 MP: 2/2
   578 | D:1      | 578 ||| UPGRADING to +0 ring mail.
   588 | D:1      | 588 ||| DROPPING +0 robe.
   589 | D:1      | 589 ||| READING 3 scrolls labelled AHISOI OCSIJAUJO.
   590 | D:1      | 590 ||| READING 2 scrolls of enchant weapon.
   590 | D:1      | 590 ||| ENCHANTING +2 sling.
   591 | D:1      | 591 ||| READING scroll of enchant weapon.
   591 | D:1      | 591 ||| ENCHANTING +3 sling.
   592 | D:1      | 592 ||| DRINKING 3 metallic puce potions.
   593 | D:1      | 593 ||| DRINKING 2 golden potions.
   603 | D:1      | 603 ||| DROPPING scroll of poison.
   604 | D:1      | 604 ||| DROPPING 2 potions of degeneration.
   605 | D:1      | 605 ||| DROPPING potion of ambrosia.
   759 | D:2      | 759 ||| READING scroll of enchant weapon.
   759 | D:2      | 759 ||| ENCHANTING +4 sling.
   865 | D:2      | Reached XP level 3. HP: 29/29 MP: 3/3
  1362 | D:2      | Noticed Natasha
  1368 | D:2      | Killed Natasha
  1369 | D:2      | Reached skill level 4 in Ranged Weapons
  1445 | D:2      | 1445 ||| READING 2 scrolls labelled IPACLI ETTISIY.
  1446 | D:2      | 1446 ||| READING scroll labelled ZANOREYGHI.
  1447 | D:2      | 1447 ||| READING 2 scrolls labelled DOOHED ISTECI.
  1451 | D:2      | 1451 ||| READING scroll labelled LIUZEO UMNOE.
  1492 | D:3      | Reached XP level 4. HP: 36/36 MP: 4/4
  2017 | D:3      | Reached skill level 1 in Armour
  2122 | D:3      | 2122 ||| UPGRADING to amulet of guardian spirit.
  2127 | D:3      | 2127 ||| UPGRADING to amulet of reflection.
  2137 | D:3      | 2137 ||| DROPPING amulet of guardian spirit.
  2138 | D:3      | 2138 ||| READING scroll labelled HAUSOU CIANT.
  2139 | D:3      | 2139 ||| READING 2 scrolls of identify.
  2139 | D:3      | 2139 ||| IDENTIFYING fizzy black potion
  2238 | D:4      | Reached skill level 5 in Ranged Weapons
  2285 | D:4      | You fall into a shaft and drop 1 floor!
  2285 | D:5      | Entered Level 5 of the Dungeon
  2313 | D:5      | 2313 ||| DROPPING amulet of regeneration.
  2318 | D:5      | 2318 ||| FLEEEEING.
  2319 | D:5      | 2319 ||| STAIRDANCE
  2322 | D:4      | Noticed Eustachio
  2351 | D:4      | Killed Eustachio
  2352 | D:4      | Reached XP level 5. HP: 37/47 MP: 5/5
  2435 | D:4      | Reached XP level 6. HP: 55/55 MP: 6/6
  2783 | D:4      | Reached skill level 6 in Ranged Weapons
  2786 | D:4      | HP: 12/55 [gnoll sergeant/+0 trident (5)]
  2787 | D:4      | 2787 ||| READING 3 scrolls of teleportation.
  2787 | D:4      | HP: 5/55 [gnoll sergeant/+0 trident (7)]
  2788 | D:4      | Mangled by a gnoll sergeant

Levels and vault maps discovered:
D:1:      dpeg_arrival_short_road, layout_rooms, serial_shops,
          nicolae_shop_window_shopping, minmay_misc_feat_encased
D:2:      layout_loops_corners, nrook_mini_vaults, uniq_natasha
D:3:      layout_loops_cross, minivault_25
D:4:      layout_loops_ring, uniq_eustachio
D:5:      layout_basic, minmay_fountain_box, nicolae_wormholes, uniq_ijyb,
          uniq_menkaure

Skill      XL: |  1  2  3  4  5  6 |
---------------+-------------------+-----
Ranged Weapons | 3 4 5 6 |  6.0
Fighting       | 2 4 |  4.8
Armour         | 1 |  1.3
Dodging        | |  2.1
Spellcasting   | |  1.0
Hexes          | |  2.0

Action                     |  1- 3 |  4- 6 || total
---------------------------+-------+-------++-------
   Fire: Sling             |    81 |   108 ||   189
    Use: Scroll            |     8 |     3 ||    11
         Potion            |     2 |       ||     2
 Armour: Robe              |     3 |       ||     3
         Ring mail         |     3 |    13 ||    16
  Dodge: Dodged            |    13 |    28 ||    41
  Block: Other             |       |     6 ||     6

Table legend:
 A = Non-vault XP
 B = Vault XP
 C = Vault XP percentage of total XP
 D = Non-vault monster count
 E = Vault monster count
 F = Vault count percentage of total count
                 A         B        C        D         E       F
            +---------+---------+-------+---------+---------+-------
      Total |     304 |     233 |  43.4 |      54 |       2 |   3.6
            +---------+---------+-------+---------+---------+-------
        D:1 |      28 |       0 |   0.0 |      16 |       0 |   0.0
        D:2 |      30 |      36 |  54.5 |      16 |       1 |   5.9
        D:3 |      25 |       0 |   0.0 |       8 |       0 |   0.0
        D:4 |     221 |     197 |  47.1 |      14 |       1 |   6.7
            +---------+---------+-------+---------+---------+-------
